[Event "Early-Titled-Tuesday-Blitz-January-30-2024"]
[Site "Chess.com"]
[Date "2024.01.30"]
[Round "4"]
[White "LimeInTheCoconut"]
[Black "AradNazari"]
[Result "1/2-1/2"]
[WhiteElo "2477"]
[BlackElo "2692"]
[TimeControl "180+1"]
[EndTime "8:42:16 PST"]
[Termination "Game drawn by repetition"]

1. e4 c5 2. Nf3 d6 3. c3 Nf6 4. h3 g6 5. Bd3 Bg7 6. Bc2 O-O 7. O-O Nc6 8. d4 e5 9. dxe5 dxe5 10.
Qxd8 Rxd8 11. Be3 b6 12. a4 Ba6 13. Re1 Bd3 14. Bxd3 Rxd3 15. Nfd2 Rad8 16. Kf1 Na5 17. Ke2 h5 18. Na3 Kh7 19. Bg5 R8d7 20. f3 Bh6 21. Bxh6 Kxh6 22. Nac4 Ne8 23. Rad1 Nc6 24. Nf1 Rxd1 25.
Rxd1 Rxd1 26. Kxd1 Kg7 27. Nfe3 Kf6 28. Nd5+ Ke6 29. Kd2 Nd6 30. Nxd6 Kxd6 31. h4 Na5 32. Kc2 Nc6 33. b3 Nd8 34. Kd3 Ne6 35. g3 Nd8 36.
Kc4 Kc6 37. Ne7+ Kd7 38. Nd5 Kc6 39. Ne7+ Kd6 40. Nd5 Nc6 41. Kb5 Nb8 42. a5 bxa5 43. Kxa5 f5 44. Kb5 Nc6 45. Ka6 Ne7 46. Nxe7 Kxe7 47. Kxa7 f4 48. gxf4 exf4 49. b4 cxb4 50. cxb4 g5 51. b5 g4 52. b6 g3 53. b7 g2 54.
b8=Q g1=Q+ 55. Qb6 Qe3 56. Kb7 Qxf3 57. Qc7+ Ke6 58.
Qc6+ Ke7 59. Qc7+ Ke8 60. Qc8+ Ke7 61. Qc7+ 1/2-1/2

[Event "Early-Titled-Tuesday-Blitz-January-30-2024"]
[Site "Chess.com"]
[Date "2024.01.30"]
[Round "4"]
[White "Al_Shima"]
[Black "CarlosjPineror"]
[Result "1/2-1/2"]
[WhiteElo "2345"]
[BlackElo "2655"]
[TimeControl "180+1"]
[EndTime "8:42:24 PST"]
[Termination "Game drawn - insufficient material"]

1. d4 Nf6 2. Nc3 c5 3. d5 d6 4.
e4 g6 5. Nf3 Bg7 6. Bc4 O-O 7.
h3 Na6 8. O-O Nc7 9. Re1 Nd7 10. Bf4 f6 11. Qd2 Rb8 12. a4 a6 13.
a5 b5 14. axb6 Rxb6 15. b3 Nb5 16. Na4 Rb8 17. Bh6 Ne5 18. Nxe5 fxe5 19. Bxg7 Kxg7 20. Bxb5 axb5 21. Nc3 Bd7 22. Qe3 Ra8 23. Ne2 h6 24. f4 exf4 25. Nxf4 Qe8 26. Rxa8 Qxa8 27. e5 Qd8 28. e6 Be8 29. Qc3+ Kh7 30. Rf1 b4 31. Qd3 Kg7 32. h4 Rf6 33. Rf3 Qa5 34. Kh2 Qa1 35.
Qe3 Qd4 36. Qxd4 cxd4 37. Nd3 Bb5 38. Nxb4 Be2 39. Rxf6 Kxf6 40. Kg3 Ke5 41. Kf2 Bd1 42. Nc6+ Kxd5 43. Nxe7+ Kxe6 44. Nxg6 Kf5 45. Ne7+ Ke4 46. b4 Ke5 47. Nc6+ Kd5 48. Ne7+ Kc4 49. Nf5 Bxc2 50.
Nxd6+ Kc3 51. Nf5 d3 52. Ne3 Kxb4 53. Ke1 Kc3 54. Kf2 Kd2 55. g4 Kc3 56. g5 h5 57. g6 d2 58. g7 Bh7 59. Ke2 Kd4 60.
Kxd2 Ke4 61. Ke2 Kf4 62. Nd5+ Kf5 63. Ne7+ Kg4 64. g8=Q+ Bxg8 65. Nxg8 Kxh4 66. Kf2 Kg5 67. Kg1 h4 68. Kh2 Kg4 69. Nf6+ Kg5 70. Nd5 Kh5 71. Nc3 Kg4 72. Ne2 Kf5 73. Ng1 Ke6 74. Nh3 Ke5 75. Kg2 Kd5 76. Nf2 Kc5 77. Kh3 Kb4 78. Kxh4 1/2-1/2

[Event "Early-Titled-Tuesday-Blitz-January-30-2024"]
[Site "Chess.com"]
[Date "2024.01.30"]
[Round "4"]
[White "Willhaven3"]
[Black "VitaliyChayka"]
[Result "0-1"]
[WhiteElo "2604"]
[BlackElo "2421"]
[TimeControl "180+1"]
[EndTime "8:42:27 PST"]
[Termination "VitaliyChayka won on time"]

1. d4 d6 2. Nf3 Nd7 3. c4 e5 4. Nc3 Ngf6 5. e4 Be7 6. Be2 O-O 7. O-O c6 8. Re1 a6 9. a4 exd4 10. Nxd4 a5 11. Bf4 Nc5 12. Qc2 Re8 13. Rad1 Bf8 14. f3 Qb6 15. Be3 Qb4 16. Bg5 Nfd7 17. Bf1 Ne5 18. b3 Qb6 19. Be3 g6 20. h3 Qc7 21.
Rb1 Na6 22. Qd2 Nb4 23. Red1 Nd7 24. Nde2 Nc5 25. Bf4 Ncd3 26. Be3 Be6 27. Nd4 Nc5 28. Bf4 Rad8 29. Kh1 Bc8 30. Qf2 Ne6 31. Be3 Nc5 32. Qg3 Bg7 33. Bg5 Rd7 34. Bf4 Ne6 35. Nxe6 Rxe6 36.
Ne2 Be5 37. Nd4 Re8 38. Nf5 Bxf4 39. Qxf4 gxf5 40. Qg5+ Kf8 41. Qh6+ Kg8 42. Qg5+ Kf8 43. Qh6+ Ke7 44. exf5 Kd8 45. Qf6+ Rde7 46. Rxd6+ Bd7 47.
Rbd1 Kc8 48. c5 Nd5 49. Qh4 Bxf5 50. Qd4 Rd7 51. Rxd7 Qxd7 52. Bc4 Bxh3 53. Bxd5 cxd5 54. Qf4 Be6 55. Qd2 Qc7 56. Qd4 Rg8 57. Rd2 h5 58. c6 bxc6 59. Qc5 h4 60. Qd4 h3 61. g4 Qg3 62. Rf2 Re8 63. Qb6 Qc7 64. Qa6+ Kd7 65. Qf1 f6 66. Qxh3 Bf7 67. Kg2 Qf4 0-1

[Event "Early-Titled-Tuesday-Blitz-January-30-2024"]
[Site "Chess.com"]
[Date "2024.01.30"]
[Round "4"]
[White "BocharovD"]
[Black "Shield12"]
[Result "1-0"]
[WhiteElo "2855"]
[BlackElo "3000"]
[TimeControl "180+1"]
[EndTime "8:42:30 PST"]
[Termination "BocharovD won on time"]

1. c4 e5 2. d3 Nf6 3. Nf3 Nc6 4. a3 d5 5. cxd5 Nxd5 6. e4 Nf6 7. Be3 Ng4 8. Bg5 Be7 9. Bxe7 Qxe7 10. h3 Nf6 11.
Nbd2 O-O 12. Rc1 Rd8 13. Be2 a5 14. O-O Nd7 15. Nc4 Nc5 16. b4 axb4 17. axb4 Nxb4 18.
Ncxe5 f6 19. Rc4 Nba6 20. Ng4 Be6 21. Rd4 Nb3 22. Rxd8+ Rxd8 23. Ne3 Nac5 24. Qc2 b6 25. Rb1 g6 26. Bf1 Kg7 27. Nd5 Bxd5 28. exd5 Rxd5 29.
Rxb3 Nxb3 30. Qxb3 Ra5 31. Qb2 b5 32. d4 b4 33. Bc4 Ra3 34. Bb3 Ra8 35. Qc2 Rd8 36. Qc4 Re8 37. g3 Rd8 38. Kg2 Rc8 39. h4 Rd8 40. d5 Re8 41. Nd4 Qe4+ 42. Kh2 Qe1 43. Ne6+ Kh8 44. Qf4 Qe5 45. Qf3 f5 46. Ng5 Kg7 47.
Ne6+ Kf6 48. Qd3 Qc3 49. Qd1 c5 50. dxc6 Rxe6 51. Bxe6 Kxe6 52. Qd7+ Kf6 53. c7 Qc2 54. Qd8+ Kg7 55. Kg2 Qc6+ 56. Kh2 Qc2 57. Qe7+ Kh6 58.
Qg5+ Kg7 59. Qe7+ Kh6 60. Kg2 b3 61. Qf8+ Kh5 62. c8=Q Qe4+ 63. Kh2 b2 64. Qd7 Kg4 65.
Qxh7 1-0

[Event "Early-Titled-Tuesday-Blitz-January-30-2024"]
[Site "Chess.com"]
[Date "2024.01.30"]
[Round "4"]
[White "Alexei_Gubajdullin"]
[Black "dropstoneDP"]
[Result "0-1"]
[WhiteElo "2629"]
[BlackElo "3046"]
[TimeControl "180+1"]
[EndTime "8:42:32 PST"]
[Termination "dropstoneDP won by resignation"]

1. Nf3 d5 2. g3 g6 3. Bg2 Bg7 4. O-O Nf6 5. c4 dxc4 6. Na3 c5 7. Nxc4 Nc6 8. d3 O-O 9. a3 Nd5 10. Rb1 b6 11. Bd2 Bb7 12. b4 cxb4 13. axb4 b5 14. Ne3 Nxe3 15. Bxe3 a5 16. bxa5 Qxa5 17. Nd2 b4 18. Nb3 Qb5 19. Nc5 Rfc8 20. Nxb7 Qxb7 21. d4 Qd7 22. d5 Ne5 23. Rxb4 Nc4 24. Bd4 Qd6 25.
Bxg7 Qxb4 26. Ba1 Nd6 27. Bf3 f6 28. Kg2 Ra4 29. Qd3 Rca8 30. Bc3 Qc5 31. Rc1 Ra3 32. Qd2 Qb5 33. Qe3 Qd7 34. Qc5 R3a4 35. Qb6 Rc8 36. Bd2 Rxc1 37. Bxc1 Kg7 38. Bf4 Ra8 39. h4 h6 40. Qe3 g5 41. hxg5 hxg5 42. Bxg5 fxg5 43. Qxg5+ Kf8 44. Qh6+ Kg8 45. Qg6+ Kh8 46. Bg4 Qe8 47. Qh6+ Kg8 48. Be6+ Nf7 49. Qg6+ Kf8 50. Qh7 Ra6 51. f4 Rxe6 52. dxe6 Qc6+ 53. Kf2 Qxe6 54. Qd3 Qf6 55. Qc4 Nd6 56. Qd5 Qg6 57. Kf3 Qb1 58. Qg5 Qf1+ 59.
Ke3 Nc4+ 60. Kd3 Nd6 61. Qh6+ Ke8 62. Qh8+ Kd7 63. Qg7 Qd1+ 64. Kc3 Qa1+ 0-1

[Event "Early-Titled-Tuesday-Blitz-January-30-2024"]
[Site "Chess.com"]
[Date "2024.01.30"]
[Round "4"]
[White "blitis"]
[Black "amanjazu"]
[Result "0-1"]
[WhiteElo "2599"]
[BlackElo "2422"]
[TimeControl "180+1"]
[EndTime "8:42:39 PST"]
[Termination "amanjazu won by resignation"]

1. e4 e6 2. d4 d5 3. exd5 exd5 4. Qf3 c6 5. Bd3 Qf6 6. Be3 Bd6 7. Nd2 Be6 8. Ne2 Nd7 9. Nf4 g6 10. Nxe6 fxe6 11.
Qxf6 Ngxf6 12. f4 Ng4 13. Ke2 O-O 14. g3 c5 15. c3 Rac8 16. Nf3 Ndf6 17. Bg1 Rfe8 18.
Ne5 Nh6 19. h3 Ne4 20. Bxe4 dxe4 21. g4 Rf8 22. Rf1 g5 23. fxg5 Rxf1 24. Kxf1 Bxe5 25. gxh6 cxd4 26. cxd4 Rc1+ 27. Kg2 Rc2+ 28. Kf1 Bf4 29. Bf2 Rxb2 30. h4 e3 31. Be1 Rxa2 32. Rh3 Bxh6 33.
g5 Bg7 34. Rxe3 Kf7 35. Rf3+ Kg6 36. Bf2 Rd2 37. Rb3 b6 38. Ra3 Bxd4 39. Bxd4 Rxd4 40. Rxa7 Rxh4 41. Re7 Re4 42. Rb7 Kxg5 43. Rxb6 h5 44. Kf2 Kg4 45. Rb7 h4 46. Rg7+ Kh3 47. Kf3 Re5 48. Rg1 Rf5+ 49. Ke4 Kh2 50. Rg6 Rf1 51. Ke3 e5 52. Ke2 Rf5 53. Rg4 h3 54. Ke1 Rf4 55. Rg5 Ra4 56. Rxe5 Ra2 57. Rg5 Rg2 58. Rh5 Kg3 59. Rg5+ Kf3 60. Rf5+ Kg4 61. Rf8 h2 62. Rg8+ Kh3 63. Rh8+ Kg3 64. Rg8+ Kf3 65. Rf8+ Ke4 66. Re8+ Kd5 67. Rd8+ Ke6 68. Re8+ Kf7 69. Rh8 Rg1+ 70. Kf2 h1=Q 71. Rxh1 Rxh1 0-1

[Event "Early-Titled-Tuesday-Blitz-January-30-2024"]
[Site "Chess.com"]
[Date "2024.01.30"]
[Round "4"]
[White "inneremptiness"]
[Black "Rud_Makarian"]
[Result "1-0"]
[WhiteElo "2869"]
[BlackElo "3012"]
[TimeControl "180+1"]
[EndTime "8:42:41 PST"]
[Termination "inneremptiness won by resignation"]

1. e4 c5 2. Nf3 d6 3. d4 cxd4 4. Nxd4 Nf6 5. Nc3 Nc6 6. Bg5 Bd7 7. f3 g6 8. Be3 Nxd4 9. Bxd4 Bh6 10. Bc4 O-O 11. O-O Bg7 12. Re1 a6 13. a4 Rc8 14.
Bb3 Re8 15. Nd5 Nxd5 16. Bxg7 Kxg7 17. exd5 Qb6+ 18. Kh1 Qf2 19. Re2 Qh4 20. Qd2 Qf6 21. c3 h5 22. Rae1 h4 23. h3 Bf5 24. Bc2 Bxc2 25.
Qxc2 Rc4 26. Re4 Rxe4 27. Qxe4 Kf8 28. Qg4 Rd8 29. Re4 b5 30. Rf4 Qe5 31. Qxh4 Kg7 32.
Re4 Qxd5 33. Qxe7 Rb8 34. Rd4 Qe5 35. Qxd6 Qxd6 36. Rxd6 bxa4 37. Rxa6 Rxb2 38. Rxa4 Rc2 39. Rc4 f5 40. h4 Kh6 41. Kh2 Kh5 42. Kg3 g5 43.
hxg5 Kxg5 44. f4+ Kh5 45. Rc5 Kg6 46. Kf3 Rc1 47. Rc6+ Kh5 48. Rc5 Kg6 49. g3 Rf1+ 50.
Kg2 Rc1 51. Kh2 Rc2+ 52. Kh3 Rc1 53. Kg2 Rc2+ 54. Kf3 Rc1 55. Rc8 Rf1+ 56. Ke3 Rg1 57. Kd4 Kf7 58. Ke5 Rxg3 59. Kxf5 Rh3 60. Rc7+ Kf8 61.
c4 Rh6 62. c5 Ra6 63. Ke5 Ke8 64. f5 Ra1 65. Ke6 Re1+ 66. Kf6 Kd8 67. Ra7 Rc1 68.
Ra5 Kd7 69. Kf7 Rf1 70. f6 Kc6 71. Ke7 Re1+ 72. Kf8 Rf1 73. f7 Re1 74. Ra6+ Kxc5 75. Kg7 Rg1+ 76. Rg6 1-0

[Event "Early-Titled-Tuesday-Blitz-January-30-2024"]
[Site "Chess.com"]
[Date "2024.01.30"]
[Round "4"]
[White "DonJuanEGenaro"]
[Black "AldokhinIvan"]
[Result "0-1"]
[WhiteElo "2006"]
[BlackElo "2637"]
[TimeControl "180+1"]
[EndTime "8:42:43 PST"]
[Termination "AldokhinIvan won on time"]

1. g3 Nf6 2. Bg2 g6 3. Nf3 Bg7 4. O-O O-O 5. d4 d6 6. c4 Nbd7 7. Nc3 e5 8. dxe5 dxe5 9. e4 c6 10. h3 Qe7 11. Be3 Nc5 12. Qc2 a5 13. b3 h6 14. Rfd1 Nh5 15. Qd2 Kh7 16. Qd6 Qxd6 17. Rxd6 Ne6 18. Na4 Re8 19. Rad1 Nf6 20. Nxe5 Nxe4 21.
Nxf7 Nxd6 22. Nxd6 Rd8 23. Nb6 Rb8 24. c5 Bf8 25. Be4 Ng7 26. g4 Be6 27. f4 Bd5 28.
Bxd5 cxd5 29. Rxd5 Ne8 30. Nbc4 b5 31. Nxa5 Nxd6 32.
Nc6 Ne4 33. Nxd8 Nf6 34. Rd2 Be7 35. Ne6 Re8 36. g5 Nh5 37. Rd7 hxg5 38. Nxg5+ Kg8 39. Bd4 Nxf4 40. Nf3 Ne2+ 41. Kg2 Nxd4 42. Nxd4 Bxc5 43. Kf3 Re1 44. Nc6 Ra1 45. Ne5 Rxa2 46. Nxg6 Rb2 47. h4 Rxb3+ 48. Kg4 Rb1 49. h5 Rg1+ 50. Kf5 Rf1+ 51.
Kg5 Be3+ 52. Kg4 b4 53. Ne7+ Kf7 54. Nf5+ Ke6 55. Re7+ Kf6 56. Rxe3 Rxf5 57. Rb3 Rg5+ 58. Kh4 Rb5 59. h6 Kg6 60. h7 Kxh7 61. Kg4 Kg6 62. Kf4 Kf6 63. Ke4 Rh5 64. Kd4 Ke6 65. Kc4 Rh4+ 66.
Kb5 Kd5 67. Rxb4 Rh5 68. Rb2 Kd4+ 69. Kb4 Rh4 0-1

[Event "Early-Titled-Tuesday-Blitz-January-30-2024"]
[Site "Chess.com"]
[Date "2024.01.30"]
[Round "4"]
[White "ChessSwole"]
[Black "Jumbo"]
[Result "1/2-1/2"]
[WhiteElo "2627"]
[BlackElo "2933"]
[TimeControl "180+1"]
[EndTime "8:42:44 PST"]
[Termination "Game drawn by repetition"]

1. d4 Nf6 2. Nc3 d5 3. Bf4 c6 4. e3 Qb6 5. Rb1 g6 6. h3 Bg7 7. Nf3 O-O 8. Bd3 c5 9. dxc5 Qxc5 10. O-O Nc6 11. a3 Nh5 12. Bc7 e5 13. Be2 Be6 14.
Nb5 Rfc8 15. Bd6 Qb6 16. Ng5 Nf6 17. c4 a6 18. Nc3 d4 19. c5 Qd8 20. Nxe6 fxe6 21. Na4 Ne8 22. Qb3 Nxd6 23. cxd6 Qxd6 24. Nb6 Na5 25. Nxc8 Rxc8 26. Qa4 Nc6 27. Rfd1 e4 28.
Rbc1 Rd8 29. Bf1 Bh6 30. Rc2 d3 31. Qxe4 Ne5 32. Rcd2 Qd5 33. Qxd5 Rxd5 34. f4 Nc6 35.
Rxd3 Rc5 36. Rc3 Rxc3 37. bxc3 Bf8 38. a4 Bc5 39. Kf2 Kf7 40. Bc4 Ke7 41. Kf3 Na5 42. Ba2 Ba7 43. g4 Bb8 44. h4 Nc6 45. Rh1 Kf6 46. h5 g5 47. Rd1 gxf4 48. exf4 Ke7 49.
Re1 Kd6 50. Rxe6+ Kc5 51. Rh6 Bc7 52. Rxh7 Ba5 53. Rxb7 Bxc3 54. h6 Kd6 55. h7 Kc5 56. g5 Nd4+ 57. Ke4 Nc6 58. Rc7 Kd6 59. Rg7 Bxg7 60.
Kf5 Ne7+ 61. Kg4 Ng6 62. f5 Nf8 63. f6 Bh8 64. Kf5 Nxh7 65. Bg8 Nf8 66. g6 Nxg6 67.
Kxg6 a5 68. Bc4 Kd7 69. Bb5+ Ke6 70. Bc4+ Kd6 71. Kf5 Kd7 72. f7 Ke7 73. Ke4 Kf8 74. Be6 Bc3 75. Kd5 Bb4 76. Kc6 Be1 77. Bc4 Bb4 78.
Kd7 Be1 79. Bd5 Bb4 80. Bc4 Be1 81. Ke6 Bb4 82. Bb5 Be1 83. Bc4 Bb4 84. Bd3 Be1 85.
Bc4 1/2-1/2

[Event "Early-Titled-Tuesday-Blitz-January-30-2024"]
[Site "Chess.com"]
[Date "2024.01.30"]
[Round "4"]
[White "OparinGrigoriy"]
[Black "sokidze"]
[Result "0-1"]
[WhiteElo "3002"]
[BlackElo "2865"]
[TimeControl "180+1"]
[EndTime "8:42:45 PST"]
[Termination "sokidze won by resignation"]

1. Nc3 d5 2. e4 c6 3. Nf3 dxe4 4. Nxe4 Nf6 5. Qe2 Nxe4 6. Qxe4 Nd7 7. d4 Nf6 8. Qf4 Qd6 9. Bc4 Qxf4 10. Bxf4 Bg4 11. Ne5 Bh5 12. f3 e6 13. h4 Nd5 14. Bd2 f6 15. Nd3 Bd6 16. O-O-O O-O-O 17. Bb3 b5 18. a4 a6 19. g4 Bg6 20. Ba5 Rde8 21. h5 Bxd3 22.
Rxd3 Bc7 23. Be1 Kd7 24. Bf2 Nb6 25. Re1 Bd6 26. Kb1 bxa4 27. Ba2 Nd5 28. c4 Nf4 29. Rdd1 a3 30. c5 Rb8 31. Rd2 Bc7 32. Re3 Rxb2+ 33. Rxb2 axb2 34. Kxb2 Rb8+ 35. Bb3 Nd5 36. Re1 Ba5 37.
Rb1 Bd2 38. Kc2 Be3 39. Bxe3 Nxe3+ 40. Kd3 Nd5 41. Bc2 Rxb1 42. Bxb1 a5 43. Kc4 h6 44. Be4 Kc7 45. Bc2 Kb7 46. Bh7 Ne3+ 47. Kb3 Nd5 48. Bg8 Nf4 49. Bf7 Ne2 50. Kc4 e5 51. d5 cxd5+ 52. Bxd5+ Kc7 53. Be4 Nd4 54. Kd5 a4 55.
Kc4 a3 56. Kc3 Ne6 57. c6 Nd4 58. Bd5 Kd6 59. Be4 Nxc6 60. Kb3 Nd4+ 61. Kxa3 Kc5 62. Kb2 Kb4 63. Kc1 Kc3 64. Kd1 Ne6 65. Ke2 Kd4 66. Bb7 Nf4+ 67. Kf2 Kd3 68. Ba6+ Kd2 69. Bb7 Nd3+ 70. Kg3 Ke3 71. Bc6 Nf4 72. Bb7 Ne2+ 73. Kg2 Kf4 74. Kf2 Nc3 75. Bc8 Nb5 76. Bd7 Nd4 0-1

[Event "Early-Titled-Tuesday-Blitz-January-30-2024"]
[Site "Chess.com"]
[Date "2024.01.30"]
[Round "4"]
[White "ValentunHulka"]
[Black "jens1102"]
[Result "1-0"]
[WhiteElo "2808"]
[BlackElo "2574"]
[TimeControl "180+1"]
[EndTime "8:42:45 PST"]
[Termination "ValentunHulka won by checkmate"]

1. Nc3 d5 2. e4 d4 3. Nce2 c5 4. c3 Nc6 5. d3 e5 6. Ng3 Nge7 7. Nf3 f6 8. Nh4 g6 9. f4 Bg7 10. f5 O-O 11. Be2 b5 12. Qb3+ Kh8 13. Qxb5 Qd6 14. Qa4 Bd7 15. O-O dxc3 16. bxc3 Nd4 17.
Qd1 Nxe2+ 18. Qxe2 Bb5 19. c4 Ba4 20. fxg6 Nxg6 21. Ngf5 Qd7 22. Be3 Rfd8 23. Nxg6+ hxg6 24. Nxg7 Kxg7 25. Qf2 Qc6 26. Bxc5 Rd7 27. Rac1 Rad8 28. Rc3 Qe6 29. Qe2 Qc6 30. Be3 a5 31. Ra3 Rb7 32. Qf2 Rdb8 33. Qh4 Rb1 34. Qh6+ Kf7 35. Qh7+ Ke6 36. Rxb1 Rxb1+ 37. Kf2 Rb2+ 38. Kg3 Qe8 39.
Qh3+ Kf7 40. Qh7+ Ke6 41. c5 g5 42. Rc3 Bc6 43. Qf5+ Kf7 44. Bxg5 Kg7 45. Qxf6+ Kg8 46.
Qf5 Rxa2 47. Bh4 Qf7 48. Qg4+ Qg7 49. Bf6 Qxg4+ 50. Kxg4 a4 51. Bxe5 Kf7 52. d4 Rxg2+ 53. Rg3 Rxg3+ 54. Kxg3 Bxe4 55. Bf4 a3 56. Bc1 a2 57. Bb2 Bd5 58. Kf4 Kf6 59. h4 Ke6 60. h5 Bb3 61. h6 Bc2 62. c6 Kd6 63. d5 Bb3 64. h7 Bxd5 65. h8=Q Kxc6 66. Ba1 Kb5 67. Qc3 Bc4 68. Ke5 Kc5 69. Qd4+ Kb4 70. Kd6 Kb3 71. Qc3+ Ka4 72. Qxc4+ Ka3 73. Qc3+ Ka4 74.
Qc2+ Ka3 75. Qb2+ Ka4 76. Qxa2+ Kb4 77. Qb2+ Ka4 78. Qb7 Ka3 79. Kc5 Ka2 80. Kc4 Kxa1 81. Kc3 Ka2 82. Kc2 Ka1 83. Qb1# 1-0

[Event "Early-Titled-Tuesday-Blitz-January-30-2024"]
[Site "Chess.com"]
[Date "2024.01.30"]
[Round "4"]
[White "frederiksvane"]
[Black "BelyakovBogdan"]
[Result "1/2-1/2"]
[WhiteElo "2917"]
[BlackElo "2550"]
[TimeControl "180+1"]
[EndTime "8:42:47 PST"]
[Termination "Game drawn by stalemate"]

1. e4 e5 2. Nf3 Nc6 3. Bb5 Nf6 4. d3 Bc5 5. O-O d6 6. c3 O-O 7. Bg5 h6 8. Bh4 g5 9. Bg3 Nh5 10. d4 Bb6 11. Bxc6 bxc6 12. dxe5 Nxg3 13. hxg3 dxe5 14. Qxd8 Rxd8 15. Nxe5 Ba6 16. Re1 Rd6 17. a4 Re8 18. Nf3 g4 19. Nfd2 Rf6 20. Re3 Bxe3 21. fxe3 Bd3 22. Na3 Bxe4 23. Re1 Bd3 24. Nb3 Re5 25. Nc1 Ba6 26. Nc2 Rfe6 27. Kf2 c5 28. b3 Rd6 29. c4 Rd2+ 30. Re2 Rxe2+ 31. Kxe2 Bb7 32. Nd3 Rf5 33. Nf4 Be4 34. Ne1 Kg7 35. Ned3 Bxd3+ 36.
Kxd3 c6 37. Ke4 Kf6 38. Nd3 h5 39. Nf4 Re5+ 40. Kd3 Kg5 41. Ne2 f5 42. a5 a6 43.
Nf4 Re7 44. Ne2 h4 45. gxh4+ Kxh4 46. Kd2 Rd7+ 47. Kc2 Re7 48. Kd2 g3 49. Nc1 Rd7+ 50. Nd3 Kg4 51. Ke2 Rxd3 52. Kxd3 Kg5 53. Ke2 Kg4 54.
Kd2 f4 55. exf4 Kxf4 56. Kd3 Kf5 57. Ke3 Ke5 58. Kf3 Kd4 59. Kxg3 Kc3 60. Kf4 Kxb3 61.
g4 Kxc4 62. g5 Kd5 63. Kf5 Kd6 64. g6 Ke7 65. Ke5 c4 66. Kd4 Kf6 67. Kxc4 Kxg6 68. Kc5 Kf6 69. Kb6 c5 70. Kxc5 Ke6 71. Kc6 Ke7 72. Kc7 Ke8 73. Kc8 Ke7 74. Kb7 Kd8 75. Kxa6 Kc8 76. Ka7 Kc7 77. Ka8 Kc8 78. a6 Kc7 79. a7 Kc8 1/2-1/2

[Event "Early-Titled-Tuesday-Blitz-January-30-2024"]
[Site "Chess.com"]
[Date "2024.01.30"]
[Round "4"]
[White "winniethepooh04"]
[Black "MaxLeto"]
[Result "0-1"]
[WhiteElo "2535"]
[BlackElo "2376"]
[TimeControl "180+1"]
[EndTime "8:42:48 PST"]
[Termination "MaxLeto won by checkmate"]

1. d4 h5 2. Nf3 h4 3. h3 e6 4. Bf4 d5 5. Nbd2 Bd6 6. Bxd6 cxd6 7. e4 dxe4 8. Nxe4 d5 9. Ned2 Qb6 10. Rb1 Nc6 11. c3 Nf6 12. Qb3 Bd7 13. Bd3 Na5 14.
Qxb6 axb6 15. O-O b5 16. a3 Nc4 17. Nxc4 bxc4 18. Bc2 Ba4 19. Rbc1 Bxc2 20. Rxc2 Ne4 21. Re1 f6 22. Nh2 Kf7 23. Rce2 Ra6 24. Nf1 Re8 25. Ne3 Rc8 26. Nd1 Rcc6 27. Re3 Rab6 28. Kf1 Nd2+ 29.
Ke2 Ne4 30. Kf1 Nd2+ 31. Ke2 Ne4 32. f3 Ng3+ 33. Kf2 Nf5 34. R3e2 Ng3 35. Rd2 g5 36. Ne3 Rb5 37. Nf1 Nf5 38. Ree2 Rcb6 39. Rc2 Ke7 40.
Nh2 Kf7 41. Ng4 Rb3 42. Ne3 Ng3 43. Red2 Ke7 44. Ng4 Kf7 45. Nh2 R6b5 46. Nf1 Nf5 47. Re2 Rb6 48. Ne3 Ng3 49. Red2 R3b5 50. Nd1 Rb3 51. Kg1 R3b5 52. Rf2 Nh5 53. Rfe2 Nf4 54. Red2 Nd3 55. Kf1 Kg6 56. Ke2 Kf7 57. Kf1 e5 58. dxe5 fxe5 59. Kg1 Ke6 60. Kf1 Rb3 61.
Kg1 Kd6 62. Kf1 Kc5 63. Kg1 d4 64. cxd4+ exd4 65. Kf1 Kd5 66. Re2 Nf4 67. Re8 d3 68.
Ne3+ Kd6 69. Nxc4+ Kd7 70. Nxb6+ Kxe8 71. Rc8+ Ke7 72. Nc4 b5 73. Nd2 Rxb2 74. Ne4 Rb1+ 75. Kf2 Rb2+ 76. Ke3 Re2+ 77. Kd4 d2 78. Nxd2 Rxd2+ 79.
Kc3 Rxg2 80. Rc7+ Kd6 81. Rg7 Rg3 82. Kb4 Nxh3 83. Kxb5 Ng1 84. a4 Nxf3 85. a5 Rg1 86. a6 Rb1+ 87. Kc4 Ra1 88. a7 h3 89. Kd3 h2 90.
Rh7 g4 91. Ke3 Rxa7 92. Rh6+ Ke5 93. Kf2 Kf4 94. Rf6+ Kg5 95. Rf8 h1=Q 96. Rg8+ Kf6 97. Rf8+ Kg7 98. Rf4 Ra2+ 99. Ke3 Qe1+ 100. Kd3 Ra3+ 101. Kc4 Qc3+ 102. Kd5 Ra5+ 103. Ke4 Qe5+ 104. Kd3 Qxf4 105. Ke2 Qe4+ 106. Kf2 Ne5 107. Kg3 Qf3+ 108. Kh4 Qh3+ 109. Kg5 Nd3# 0-1

[Event "Early-Titled-Tuesday-Blitz-January-30-2024"]
[Site "Chess.com"]
[Date "2024.01.30"]
[Round "4"]
[White "Lennis93"]
[Black "KubaGepard"]
[Result "0-1"]
[WhiteElo "2720"]
[BlackElo "2545"]
[TimeControl "180+1"]
[EndTime "8:42:50 PST"]
[Termination "KubaGepard won by resignation"]

1. d4 Nf6 2. c4 e6 3. Nf3 b6 4. g3 Bb7 5. Bg2 Bb4+ 6. Bd2 c5 7. Bxb4 cxb4 8. O-O O-O 9. a3 bxa3 10. Nxa3 a5 11. d5 Na6 12. Re1 Nc5 13. d6 Nfe4 14. Nd2 Nxd6 15.
Nb3 Nxb3 16. Qxb3 Bxg2 17. Kxg2 Qc7 18. Rad1 Rac8 19. e4 Rfd8 20. Rd4 Qc6 21. f3 e5 22. Rd5 Nxc4 23. Nxc4 Qxc4 24. Qxb6 Qb4 25. Qxb4 axb4 26. Kf2 f6 27. Re2 Kf7 28. Red2 Ke7 29. f4 d6 30. f5 Rc4 31. Kf3 Rcc8 32. g4 Rd7 33. h4 Rc5 34.
R5d3 Rc1 35. Rg2 Rdc7 36. g5 Rf1+ 37. Ke2 Rf4 38. gxf6+ Kxf6 39. Rxd6+ Kf7 40. Kd3 Rf3+ 41. Kd2 Rb3 42. Ke1 Rc1+ 43. Rd1 Rxd1+ 44. Kxd1 Re3 45.
Rg4 h5 46. Rg5 Rxe4 47. Rxh5 Rg4 48. Kc2 Rg3 49. Rh8 Rh3 50. Rb8 Rxh4 51. Kb3 Kf6 52.
Rf8+ Kg5 53. Rf7 g6 54. f6 Kf5 55. Rf8 Ke6 56. Ka4 Rf4 57. f7 Rxf7 58. Rg8 Kf5 59. Kxb4 g5 60. Kc3 Kf4 61. Kd3 e4+ 62. Ke2 Rb7 63. Rf8+ Kg4 64. Ke3 Rxb2 65. Kxe4 Kg3 66. Ke3 g4 67. Rf1 Kh2 68. Rf8 g3 69. Rh8+ Kg1 70.
Rg8 g2 71. Rh8 Rb1 72. Ke2 Rb2+ 73. Ke1 Rb1+ 74. Ke2 Ra1 75. Rh7 Ra6 76. Re7 Rg6 77. Rh7 Re6+ 78. Kd1 Re4 79. Rf7 Kh2 80. Rh7+ Kg3 81.
Rg7+ Rg4 82. Rxg4+ Kxg4 83. Ke2 g1=Q 84. Kd3 Qa7 0-1

[Event "Early-Titled-Tuesday-Blitz-January-30-2024"]
[Site "Chess.com"]
[Date "2024.01.30"]
[Round "4"]
[White "AlexLongson"]
[Black "yaguigor"]
[Result "1-0"]
[WhiteElo "2424"]
[BlackElo "2572"]
[TimeControl "180+1"]
[EndTime "8:42:50 PST"]
[Termination "AlexLongson won on time"]

1. e4 c5 2. Nf3 Nc6 3. Bb5 Nf6 4. Nc3 Qc7 5. O-O Nd4 6. Re1 a6 7. Bf1 e5 8. Nb1 d6 9. c3 Nxf3+ 10. Qxf3 Be7 11. a4 b6 12. Na3 O-O 13. d3 Bd7 14.
Nc4 b5 15. axb5 axb5 16. Rxa8 Rxa8 17. Ne3 g6 18. h3 Be6 19. Nd5 Nxd5 20. exd5 Bf5 21.
g4 Bd7 22. d4 Re8 23. dxe5 dxe5 24. c4 bxc4 25. Bxc4 Bd6 26. Qf6 Be7 27. Qxe5 Bd6 28. Qc3 Qd8 29. Rxe8+ Qxe8 30. Bh6 Be5 31. Qe3 Qe7 32.
Kg2 Qd6 33. f4 Bg7 34. Bxg7 Kxg7 35. Qe5+ Qxe5 36. fxe5 g5 37. Kf3 Kf8 38. Ke3 Ke7 39.
Be2 h6 40. Ke4 Bc8 41. Bc4 Bd7 42. Ke3 Bc8 43. Ke4 Bd7 44. Ba6 Ba4 45. Bc8 Bc2+ 46. Ke3 Bb3 47. Ke4 Bc2+ 48. Ke3 Bb3 49. d6+ Kd8 50.
Bf5 Bd5 51. Be4 Bc4 52. Bc6 Kc8 53. Kf2 Kd8 54. Kg3 Bd3 55. h4 Bc4 56. hxg5 hxg5 57. Kf3 Bb3 58. Kf2 Bd1 59. Bf3 Bc2 60. Bc6 Bd1 61. Bf3 Bc2 62. Ke3 Kd7 63. Be4 Bd1 64.
Bf3 Bc2 65. Bd5 Ke8 66. Kf3 Bd1+ 67. Kg3 Be2 68. Kh3 Bd1 69. Kg3 Be2 70. Ba2 Bd1 71. Bc4 Kf8 72. e6 fxe6 73. Bxe6 Ke8 74. Kf2 Bc2 75. Ke3 Bd1 76. Ke4 Bc2+ 77. Ke5 Kd8 78.
Kf6 Bd3 79. Kxg5 Be2 80. Kf6 1-0

[Event "Early-Titled-Tuesday-Blitz-January-30-2024"]
[Site "Chess.com"]
[Date "2024.01.30"]
[Round "4"]
[White "rasmussvane"]
[Black "DonkyDonkyDonkey"]
[Result "1-0"]
[WhiteElo "2974"]
[BlackElo "2744"]
[TimeControl "180+1"]
[EndTime "8:42:51 PST"]
[Termination "rasmussvane won by resignation"]

1. Nf3 d5 2. g3 Nc6 3. d4 Bf5 4.
Bg2 Nb4 5. Na3 e6 6. O-O Nc6 7.
Nb1 Nb4 8. Ne1 h6 9. c3 Nc6 10. Nd3 Nf6 11. Nd2 Bd6 12. Re1 Bxd3 13. exd3 O-O 14. Nf3 Nd7 15. Bd2 Rb8 16. a4 a6 17.
a5 e5 18. dxe5 Ncxe5 19. Nxe5 Nxe5 20. Bf4 Ng6 21. Be3 c6 22. Qh5 Ne5 23. Bb6 Qg5 24. Qe2 Qg6 25. Rad1 Nd7 26. Ba7 Ra8 27. Bd4 Bc5 28. Qe3 Bxd4 29. Qxd4 Qf6 30. Qb4 Rab8 31. Re3 Rfd8 32. Rde1 Nf8 33. Bh3 Ng6 34. Kg2 d4 35. Rf3 Qg5 36. Re4 dxc3 37. bxc3 Rd5 38. Rg4 Qe7 39.
Qxe7 Nxe7 40. Re4 Ng6 41. Rf5 Rbd8 42. Rxd5 Rxd5 43. Re8+ Kh7 44. Rb8 Rxa5 45. Rxb7 f5 46.
Rf7 Kg8 47. Rxf5 Ra3 48. Rc5 Ne7 49. Bd7 Kf7 50. Bxc6 Ke6 51. Be4 Kd6 52. Rc4 a5 53. Kf3 Ng8 54. Ke3 Nf6 55. Kd4 Ra2 56. Rc6+ Kd7 57. Ra6 Rxf2 58. Rxa5 Rxh2 59. Ra7+ Kd6 60. Rxg7 Rh3 61. Rg6 Ke7 62. c4 Rh2 63. Rg7+ Kf8 64. Rb7 Rc2 65. c5 Ke8 66. Rg7 Kd8 67. Rg6 Nd7 68. c6 Nb6 69. Rxh6 Kc7 70. g4 Nc8 71. g5 Rc1 72. Rh7+ Kb6 73. Rb7+ Ka6 74. g6 Rg1 75. Rb8 Ne7 76. c7 Rc1 77. c8=Q+ Nxc8 78. Bb7+ Ka7 79. Rxc8 Rg1 80. Be4 Rb1 81. g7 Rb4+ 82. Ke3 Rb8 83. Rxb8 1-0